 Dungeon Sprint DCSS version 0.21-a0-314-gb3271ec (webtiles) character file.

676 potatolord6000 the Cleaver (level 7, -4/106 HPs)
             Began as a Minotaur Gladiator on Sept 29, 2017.
             Was an Initiate of Gozag.
             Slain by a shadow wraith (14 damage)
             ... in the Dungeon (Sprint VII: "The Pits").
             The game lasted 00:05:09 (989 turns).

potatolord6000 the Cleaver (Minotaur Gladiator)      Turns: 989, Time: 00:05:10

Health: -4/106     AC: 16    Str: 26      XL:     7   Next: 33%
Magic:  6/6        EV: 11    Int:  5      God:    Gozag
Gold:   1242       SH:  0    Dex: 10 (11) Spells: 6/6 levels left

rFire    . . .     SeeInvis .   a - +0 war axe
rCold    . . .     Gourm    .   (no shield)
rNeg     . . .     Faith    .   g - +2 plate armour
rPois    .         Spirit   .   c - +0 hat
rElec    .         Reflect  .   (no cloak)
rCorr    .         Harm     .   (no gloves)
MR       .....     NoTele   +   (no boots)
Stlth    ..........             (no amulet)
HPRegen  0.27/turn              (no ring)
MPRegen  0.10/turn              (no ring)

@: berserking (expiring), slowed
A: retaliatory headbutt, horns 2
a: Potion Petition, Call Merchant, Bribe Branch, Renounce Religion


You were in the Dungeon.
You worshipped Gozag.
Gozag was most pleased with you.
You were completely stuffed.

You visited 1 branch You collected 1242 gold pieces.

Inventory:

Hand Weapons
 a - a +0 war axe (weapon)
Armour
 c - a +0 hat (worn)
 g - a +2 plate armour (worn)
Scrolls
 k - a scroll of blinking
 l - 3 scrolls of remove curse
 m - 5 scrolls of amnesia
 n - a scroll of summoning
Potions
 b - 3 potions of heal wounds
 d - a potion of invisibility
 e - 6 potions of curing
 h - a potion of haste
 i - 4 potions of magic
 j - 2 potions of berserk rage
Comestibles
 f - 8 bread rations
 o - 40 fruits
 p - 5 meat rations


   Skills:
 + Level 9.9 Fighting
 + Level 10.2 Axes
 - Level 2.0 Throwing
 + Level 9.5 Armour
 + Level 9.4 Dodging


You had 6 spell levels left.
You didn't know any spells.

Dungeon Overview and Level Annotations

Branches:
Dungeon (1/1)

Altars:
Ashenzari
Cheibriados
Dithmenos
Elyvilon
Fedhas
Gozag
Hepliaklqana
Kikubaaqudgha
Makhleb
Nemelex Xobeh
Okawaru
Qazlal
Ru
Sif Muna
Trog
Uskayaw
Vehumet
Wu Jian
Xom
Yredelemnul
Zin
The Shining One
Beogh
Jiyva
Lugonu


Innate Abilities, Weirdness & Mutations

You reflexively headbutt those who attack you in melee.
You have a pair of horns on your head.


Message History

Unknown command.
You hit something. Your headbutt misses something. Something hits you!!
* * * LOW HITPOINT WARNING * * *
Something drains your vigour!
You feel as though you will be slow longer.
You hit something but do no damage. Something hits you!
* * * LOW HITPOINT WARNING * * *
You hit something. Something hits you.
* * * LOW HITPOINT WARNING * * *
Something drains your vigour!
You feel as though you will be slow longer.
Unknown command.
Unknown command.
You slash something! Something hits you!
* * * LOW HITPOINT WARNING * * *
Unknown command.
Your plate armour prevents you from hitting something.
Something hits you!
You die...
Your body crumbles into a pile of gold.

#)#..#[))).##.......#
#)###########.......#
#)).....# #########
#..#.#..# #.##.##.#
#.......#+#
#.##.##.#.+
#..#.#..#{#
#.......'@#
###########


There were no monsters in sight!

Vanquished Creatures
  Edmund (D)
  A floating eye (D)
  An orc warrior (D)
  A big kobold (D)
  3 wights (D)
  A quasit (D)
  2 orc priests (D)
  2 worker ants (D)
  2 ufetubi (D)
  2 oozes (D)
  A leopard gecko (D)
  2 orcs (D)
  A giant cockroach (D)
  2 jackals (D)
  A leopard gecko skeleton (D)
23 creatures vanquished.

Notes
Turn   | Place    | Note
-------+----------+-------------------------------------------
     0 | D        | potatolord6000 the Minotaur Gladiator began the quest for the Orb.
     0 | D        | Reached XP level 1. HP: 18/18 MP: 0/0
    17 | D        | Reached skill level 4 in Axes
    17 | D        | Reached skill level 1 in Armour
    45 | D        | Found a bloodstained altar of Trog.
    45 | D        | Found a deep blue altar of Sif Muna.
    45 | D        | Found a viscous altar of Jiyva.
    45 | D        | Found a hazy altar of Hepliaklqana.
    45 | D        | Found an opulent altar of Gozag.
    46 | D        | Found a glowing golden altar of the Shining One.
    46 | D        | Found a glowing silver altar of Zin.
    46 | D        | Found a basalt altar of Yredelemnul.
    46 | D        | Found a shimmering altar of Xom.
    46 | D        | Found an ornate altar of the Wu Jian Council.
    46 | D        | Found a sacrificial altar of Ru.
    46 | D        | Found a stormy altar of Qazlal.
    46 | D        | Found an iron altar of Okawaru.
    46 | D        | Found a sparkling altar of Nemelex Xobeh.
    46 | D        | Found a burning altar of Makhleb.
    46 | D        | Found a blossoming altar of Fedhas.
    46 | D        | Found a white marble altar of Elyvilon.
    46 | D        | Found a shadowy altar of Dithmenos.
    46 | D        | Found a snail-covered altar of Cheibriados.
    48 | D        | Found a radiant altar of Vehumet.
    48 | D        | Found a corrupted altar of Lugonu.
    48 | D        | Found a roughly hewn altar of Beogh.
    49 | D        | Found a hide-covered altar of Uskayaw.
    49 | D        | Found an ancient bone altar of Kikubaaqudgha.
    49 | D        | Found a shattered altar of Ashenzari.
    59 | D        | Became a worshipper of Gozag Ym Sagoz the Greedy
    72 | D        | Noticed a worker ant
    78 | D        | Killed a worker ant
    78 | D        | Reached skill level 5 in Axes
    78 | D        | Reached XP level 2. HP: 15/27 MP: 1/1
    78 | D        | Reached XP level 3. HP: 18/33 MP: 2/2
   284 | D        | Noticed Edmund
   297 | D        | Reached skill level 5 in Dodging
   316 | D        | Killed Edmund
   316 | D        | Reached skill level 7 in Axes
   316 | D        | Reached XP level 4. HP: 23/45 MP: 3/3
   316 | D        | Reached XP level 5. HP: 26/51 MP: 4/4
   480 | D        | Reached skill level 8 in Axes
   484 | D        | Reached XP level 6. HP: 46/61 MP: 5/5
   498 | D        | Reached skill level 9 in Axes
   499 | D        | Noticed a floating eye
   499 | D        | Noticed an orc warrior
   510 | D        | Killed an orc warrior
   510 | D        | Reached XP level 7. HP: 20/70 MP: 6/6
   511 | D        | Reached skill level 10 in Axes
   989 | D        | Slain by a shadow wraith

Vault maps used:
D:        pitsprint

Skill      XL: |  1  2  3  4  5  6  7 |
---------------+----------------------+-----
Axes           | 5 7 8 9 10 | 10.2
Armour         | 3 6 7 9 |  9.5
Fighting       | 4 6 7 9 |  9.9
Dodging        | 4 6 7 9 |  9.4
Throwing       | |  2.0

Action                   |  1- 3 |  4- 6 |  7- 9 || total
-------------------------+-------+-------+-------++-------
Melee: War axe           |    40 |    32 |    17 ||    89
       Headbutt          |     9 |     8 |     4 ||    21
  Use: Potion            |     2 |       |     3 ||     5
 Stab: Invisible         |     7 |       |       ||     7
       Distracted        |       |     1 |       ||     1
  Eat: Meat ration       |       |       |     2 ||     2
Armor: Leather armour    |     3 |       |       ||     3
       Plate armour      |       |    15 |     7 ||    22
Dodge: Dodged            |    42 |     6 |     4 ||    52

Table legend:
 A = Spawn XP
 B = Non-spawn XP
 C = Spawn XP percentage of total XP
 D = Spawn monster count
 E = Non-spawn monster count
 F = Spawn count percentage of total count
 G = Total turns spent on level
                    A         B        C        D         E        F      G
               +---------+---------+-------+---------+---------+-------+---------
         Total |       0 |     966 |   0.0 |       0 |      23 |   0.0 |   989
               +---------+---------+-------+---------+---------+-------+---------
             D |       0 |     966 |   0.0 |       0 |      23 |   0.0 |   989
               +---------+---------+-------+---------+---------+-------+---------
